CAL
INLAND EMPIRE 66ERS @ BAKERSFIELD BLAZE
07/11/2099
 
TOP OF THE 1ST
Inland Empire 66ers batting - Pitching for Bakersfield Blaze : LHP Drew Poletti
Pitching: LHP Drew Poletti
Batting: RHB Rodolfo Garcia 0-0: Swinging Strike
0-1: TRIPLE (Line Drive, 9LD, EV 110.6 MPH)
Batting: LHB Josh Walker 0-0: Called Strike
0-1: Swinging Strike
0-2: Fly out, F8 (Line Drive, 8RD, EV 103.1 MPH)
Runner from 3rd tags up, SCORES, throw by CF
Batting: SHB Rich Orellana 0-0: Swinging Strike
0-1: Ball
1-1: Ball
2-1: Fly out, F7 (Flyball, 7D, EV 97.5 MPH)
Batting: RHB Sean Donahue 0-0: Ball
1-0: Foul Ball, location: 7LMF
1-1: Ball
2-1: DOUBLE (Line Drive, 9LM, EV 103.1 MPH)
Batting: RHB Valentim Morato 0-0: Ground out 1-3 (Groundball, 15S, EV 63.8 MPH)
Top of the 1st over - 1 run, 2 hits, 0 errors, 1 left on base; Inland Empire 1 - Bakersfield 0
BOTTOM OF THE 1ST
Bakersfield Blaze batting - Pitching for Inland Empire 66ers : LHP Pete Christian
Pitching: LHP Pete Christian
Batting: RHB Kevin Spence 0-0: Foul Ball, location: 9LMF
0-1: Fly out, F8 (Flyball, 89D, EV 104.4 MPH)
Batting: LHB Phil Rogalla 0-0: Swinging Strike
0-1: Foul Ball, location: 7LMF
0-2: Ball
1-2: Ball
2-2: Ball
3-2: Foul Ball, location: 2F
3-2: Strikes out looking
Batting: RHB Tony Arias 0-0: Foul Ball, location: 9LMF
0-1: SINGLE (Groundball, 34D, EV 106.9 MPH)
Batting: RHB Keith Burchfield 0-0: Ball
1-0: Fly out, F8 (Flyball, 8LD, EV 105.6 MPH)
Bottom of the 1st over - 0 runs, 1 hit, 0 errors, 1 left on base; Inland Empire 1 - Bakersfield 0
TOP OF THE 2ND
Inland Empire 66ers batting - Pitching for Bakersfield Blaze : LHP Drew Poletti
Batting: LHB Kevin Zarndt 0-0: Foul Ball, location: 7LMF
0-1: Called Strike
0-2: Fly out, F8 (Flyball, 8LD, EV 88.1 MPH)
Batting: RHB Orlando Quinonez 0-0: Ball
1-0: Called Strike
1-1: Swinging Strike
1-2: Foul Ball, location: 2F
1-2: Ball
2-2: Foul Ball, location: 9LDF
2-2: Foul Ball, location: 5F
2-2: SINGLE (Flyball, 78S, EV 86.9 MPH)
Batting: RHB Danny Jester 0-0: Ball
1-0: Ball
2-0: Called Strike
2-1: Foul Ball, location: 25F
2-2: Strikes out looking
Batting: LHB Jamel Adams 0-0: Ball
1-0: Ball
2-0: Called Strike
2-1: Ball
3-1: Called Strike
3-2: Base on Balls
Orlando Quinonez to second
Batting: RHB Rodolfo Garcia 0-0: Called Strike
0-1: Ball
1-1: Called Strike
1-2: Strikes out looking
Top of the 2nd over - 0 runs, 1 hit, 0 errors, 2 left on base; Inland Empire 1 - Bakersfield 0
BOTTOM OF THE 2ND
Bakersfield Blaze batting - Pitching for Inland Empire 66ers : LHP Pete Christian
Batting: LHB Darren Gatling 0-0: SINGLE (Line Drive, 6MD, EV 105.0 MPH)
Batting: RHB Adam Richter 0-0: Swinging Strike
0-1: Ball
1-1: Foul Ball, location: 2F
1-2: Strikes out swinging
Batting: RHB Wyatt Cobb 0-0: Ball
1-0: Ball
2-0: Ball
3-0: Base on Balls
Darren Gatling to second
Batting: RHB Alfredo Molina 0-0: Grounds into double play, 6-4-3 (Groundball, 6, EV 77.5 MPH)
Bottom of the 2nd over - 0 runs, 1 hit, 0 errors, 1 left on base; Inland Empire 1 - Bakersfield 0
TOP OF THE 3RD
Inland Empire 66ers batting - Pitching for Bakersfield Blaze : LHP Drew Poletti
Batting: LHB Josh Walker 0-0: Foul Ball, location: 7LSFF
0-1: Ball
1-1: Ball
2-1: Foul Ball, location: 7LDF
2-2: Strikes out looking
Batting: SHB Rich Orellana 0-0: Ball
1-0: Swinging Strike
1-1: Foul Ball, location: 5F
1-2: Strikes out swinging
Batting: RHB Sean Donahue 0-0: DOUBLE (Line Drive, 9LM, EV 105.6 MPH)
Batting: RHB Valentim Morato 0-0: Called Strike
0-1: Ball
1-1: SINGLE (Groundball, 6MS, EV 70.6 MPH) (infield hit)
Sean Donahue to third
Batting: LHB Kevin Zarndt 0-0: Swinging Strike
0-1: Called Strike
0-2: Strikes out swinging
Top of the 3rd over - 0 runs, 2 hits, 0 errors, 2 left on base; Inland Empire 1 - Bakersfield 0
BOTTOM OF THE 3RD
Bakersfield Blaze batting - Pitching for Inland Empire 66ers : LHP Pete Christian
Batting: RHB Miguel Torres 0-0: Ground out 5-3 (Groundball, 56S, EV 85.6 MPH)
Batting: RHB Kevin Spence 0-0: Ground out 4-3 (Groundball, 4, EV 84.4 MPH)
Batting: LHB Phil Rogalla 0-0: Called Strike
0-1: DOUBLE (Flyball, 78D, EV 103.8 MPH)
Batting: RHB Tony Arias 0-0: Swinging Strike
0-1: Ball
1-1: Swinging Strike
1-2: Ball
2-2: SINGLE (Line Drive, 5D, EV 71.3 MPH)
Phil Rogalla to third
Runner from 3rd tries for Home, SAFE, throw by LF to home
Batting: RHB Keith Burchfield 0-0: Ball
Tony Arias is caught stealing 2nd base 2-4
Bottom of the 3rd over - 1 run, 2 hits, 0 errors, 0 left on base; Inland Empire 1 - Bakersfield 1
TOP OF THE 4TH
Inland Empire 66ers batting - Pitching for Bakersfield Blaze : LHP Drew Poletti
Batting: RHB Orlando Quinonez 0-0: Called Strike
0-1: Fly out, F8 (Flyball, 8RS, EV 82.5 MPH)
Batting: RHB Danny Jester 0-0: Ball
1-0: Ground out 5-3 (Groundball, 56S, EV 85.0 MPH)
Batting: LHB Jamel Adams 0-0: Called Strike
0-1: Ball
1-1: Ball
2-1: Foul Ball, location: 23F
2-2: SINGLE (Flyball, 34D, EV 85.6 MPH)
Batting: RHB Rodolfo Garcia 0-0: Ball
1-0: Foul Ball, location: 2F
1-1: Called Strike
1-2: Foul Ball, location: 2F
1-2: Ball
2-2: Strikes out swinging
Top of the 4th over - 0 runs, 1 hit, 0 errors, 1 left on base; Inland Empire 1 - Bakersfield 1
BOTTOM OF THE 4TH
Bakersfield Blaze batting - Pitching for Inland Empire 66ers : LHP Pete Christian
Batting: RHB Keith Burchfield 0-0: Called Strike
0-1: Ball
1-1: Ball
2-1: Swinging Strike
2-2: Foul Ball, location: 2F
2-2: SINGLE (Line Drive, 4MD, EV 96.3 MPH)
Batting: LHB Darren Gatling 0-0: Called Strike
0-1: Called Strike
0-2: Foul Ball, location: 2F
0-2: Foul Ball, location: 7LDF
0-2: Ball
1-2: Ball
2-2: DOUBLE (Line Drive, 9LM, EV 105.6 MPH)
Keith Burchfield to third
Batting: RHB Adam Richter 0-0: Called Strike
0-1: Ball
1-1: Fly out, F8 (Line Drive, 8RM, EV 96.9 MPH)
Runner from 3rd tags up, SCORES, throw by CF
Darren Gatling to third
Batting: RHB Wyatt Cobb 0-0: Ball
1-0: Ball
2-0: Foul Ball, location: 9LDF
2-1: Swinging Strike
2-2: Foul Ball, location: 9LMF
2-2: Foul Ball, location: 2F
2-2: Strikes out swinging
Batting: RHB Alfredo Molina 0-0: Ball
1-0: Ball
2-0: Ground out 6-3 (Groundball, 6, EV 79.4 MPH)
Bottom of the 4th over - 1 run, 2 hits, 0 errors, 1 left on base; Inland Empire 1 - Bakersfield 2
TOP OF THE 5TH
Inland Empire 66ers batting - Pitching for Bakersfield Blaze : LHP Drew Poletti
Batting: LHB Josh Walker 0-0: Ball
1-0: Ball
2-0: Ball
3-0: Base on Balls
Batting: SHB Rich Orellana 0-0: Called Strike
0-1: Ball
1-1: Ball
2-1: Foul Ball, location: 2F
2-2: Fly out, F9 (Flyball, 9S, EV 86.3 MPH)
Batting: RHB Sean Donahue 0-0: Fielders Choice at 2nd, 4-6 (Groundball, 34, EV 88.8 MPH)
Batting: RHB Valentim Morato 0-0: TRIPLE (Flyball, 7LD, EV 97.5 MPH)
Sean Donahue scores
Batting: LHB Kevin Zarndt 0-0: Ball
1-0: Ground out 2-3 (Groundball, 2R, EV 71.3 MPH)
Top of the 5th over - 1 run, 1 hit, 0 errors, 1 left on base; Inland Empire 2 - Bakersfield 2
BOTTOM OF THE 5TH
Bakersfield Blaze batting - Pitching for Inland Empire 66ers : LHP Pete Christian
Batting: RHB Miguel Torres 0-0: Foul Ball, location: 5F
0-1: Swinging Strike
0-2: SINGLE (Groundball, 4MD, EV 100.6 MPH)
Batting: RHB Kevin Spence 0-0: Ground out 6-3 (Groundball, 6, EV 86.3 MPH)
Miguel Torres to second
Batting: LHB Phil Rogalla 0-0: Ball
1-0: Ball
2-0: Ball
3-0: Called Strike
3-1: Ground out 4-3 (Groundball, 4, EV 85.0 MPH)
Miguel Torres to third
Batting: RHB Tony Arias 0-0: Called Strike
0-1: Ball
1-1: Ball
2-1: Called Strike
2-2: Foul Ball, location: 9LDF
2-2: Foul Ball, location: 2LF
2-2: Fly out, F7 (Line Drive, 78M, EV 85.6 MPH)
Bottom of the 5th over - 0 runs, 1 hit, 0 errors, 1 left on base; Inland Empire 2 - Bakersfield 2
TOP OF THE 6TH
Inland Empire 66ers batting - Pitching for Bakersfield Blaze : LHP Drew Poletti
Batting: RHB Orlando Quinonez 0-0: Foul Ball, location: 2F
0-1: Called Strike
0-2: Strikes out looking
Batting: RHB Danny Jester 0-0: Ball
1-0: Foul Ball, location: 2F
1-1: Ball
2-1: Ball
3-1: Base on Balls
Pitching: RHP Miles Poore
Batting: LHB Jamel Adams 0-0: Swinging Strike
0-1: Foul Ball, location: 23FF
0-2: Ball
1-2: Foul Ball, location: 2F
1-2: Ground out 5-3 (Groundball, 56S, EV 70.0 MPH)
Danny Jester to second
Batting: RHB Rodolfo Garcia 0-0: Ball
1-0: Ground out 1-3 (Groundball, 13S, EV 67.5 MPH)
Top of the 6th over - 0 runs, 0 hits, 0 errors, 1 left on base; Inland Empire 2 - Bakersfield 2
BOTTOM OF THE 6TH
Bakersfield Blaze batting - Pitching for Inland Empire 66ers : LHP Pete Christian
Batting: RHB Keith Burchfield 0-0: Called Strike
0-1: Swinging Strike
0-2: Strikes out looking
Batting: LHB Darren Gatling 0-0: Foul Ball, location: 5F
0-1: SINGLE (Line Drive, 7S, EV 92.5 MPH)
Batting: RHB Adam Richter 0-0: Ball
Darren Gatling is caught stealing 2nd base 2-4
1-0: Ball
2-0: Swinging Strike
2-1: Ball
3-1: SINGLE (Flyball, 89S, EV 98.8 MPH)
Batting: RHB Wyatt Cobb 0-0: Ball
1-0: Fly out, F8 (Flyball, 8LD, EV 105.6 MPH)
Bottom of the 6th over - 0 runs, 2 hits, 0 errors, 1 left on base; Inland Empire 2 - Bakersfield 2
TOP OF THE 7TH
Inland Empire 66ers batting - Pitching for Bakersfield Blaze : RHP Miles Poore
Batting: LHB Josh Walker 0-0: Ball
1-0: Foul Ball, location: 7LMF
1-1: Swinging Strike
1-2: Strikes out swinging
Batting: SHB Rich Orellana 0-0: Ball
1-0: Ground out 6-3 (Groundball, 6D, EV 88.8 MPH)
Batting: RHB Sean Donahue 0-0: Called Strike
0-1: Foul Ball, location: 23F
0-2: Strikes out swinging
Top of the 7th over - 0 runs, 0 hits, 0 errors, 0 left on base; Inland Empire 2 - Bakersfield 2
BOTTOM OF THE 7TH
Bakersfield Blaze batting - Pitching for Inland Empire 66ers : LHP Pete Christian
Batting: RHB Alfredo Molina 0-0: Fly out, F8 (Flyball, 8RM, EV 88.1 MPH)
Batting: RHB Miguel Torres 0-0: Called Strike
0-1: Ball
1-1: Foul Ball, location: 2F
1-2: Ball
2-2: Fly out, F4 (Line Drive, 4, EV 73.1 MPH)
Batting: RHB Kevin Spence 0-0: Fly out, F3 (Line Drive, 34, EV 69.4 MPH)
Bottom of the 7th over - 0 runs, 0 hits, 0 errors, 0 left on base; Inland Empire 2 - Bakersfield 2
TOP OF THE 8TH
Inland Empire 66ers batting - Pitching for Bakersfield Blaze : RHP Miles Poore
Pitching: RHP Salvador Moya
Batting: RHB Valentim Morato 0-0: Swinging Strike
0-1: Swinging Strike
0-2: Ball
1-2: Strikes out swinging
Batting: LHB Kevin Zarndt 0-0: Foul Ball, location: 7LMF
0-1: Swinging Strike
0-2: Foul Ball, location: 7LDF
0-2: Ball
1-2: Strikes out looking
Pinch Hitting: SHB Francisco Martinez 0-0: Called Strike
0-1: SINGLE (Groundball, 34D, EV 103.8 MPH)
Batting: RHB Danny Jester 0-0: Foul Ball, location: 2LF
0-1: Ball
1-1: Swinging Strike
1-2: Ball
2-2: Strikes out swinging
Top of the 8th over - 0 runs, 1 hit, 0 errors, 1 left on base; Inland Empire 2 - Bakersfield 2
BOTTOM OF THE 8TH
Bakersfield Blaze batting - Pitching for Inland Empire 66ers : LHP Pete Christian
Now at C: Josh Murry
Pinch Hitting: RHB Victor Garcia 0-0: Ball
1-0: Foul Ball, location: 5DF
1-1: Ball
2-1: Called Strike
2-2: Strikes out swinging
Batting: RHB Tony Arias 0-0: Called Strike
0-1: Ball
1-1: Swinging Strike
1-2: Strikes out swinging
Batting: RHB Keith Burchfield 0-0: Ball
1-0: Ball
2-0: Ball
3-0: Foul Ball, location: 9LSF
3-1: Base on Balls
Batting: LHB Darren Gatling 0-0: Foul Ball, location: 7LMF
0-1: DOUBLE (Groundball, 5L, EV 97.5 MPH)
Keith Burchfield to third
Runner from 3rd tries for Home, SAFE, throw by LF to home
Batting: RHB Adam Richter 0-0: Foul Ball, location: 3F
0-1: Foul Ball, location: 2LF
0-2: Foul Ball, location: 25F
0-2: Ball
1-2: Ball
2-2: Ground out 5-3 (Groundball, 56S, EV 88.1 MPH)
Bottom of the 8th over - 1 run, 1 hit, 0 errors, 1 left on base; Inland Empire 2 - Bakersfield 3
TOP OF THE 9TH
Inland Empire 66ers batting - Pitching for Bakersfield Blaze : RHP Salvador Moya
Pitching: RHP Pat Rini
Now at 1B: Jim Passerini
Now at 3B: Jim Hughes
Now at SS: Kevin Spence
Now in LF: Tyler Staley
Now in RF: Aaron Bruno
Batting: LHB Jamel Adams 0-0: Foul Ball, location: 9LDF
0-1: Foul Ball, location: 7LDF
0-2: Strikes out swinging
Pinch Hitting: LHB Mickey Jewers 0-0: Fly out, F7 (Flyball, 78M, EV 83.1 MPH)
Batting: LHB Josh Walker 0-0: Ball
1-0: Swinging Strike
1-1: Fly out, F5 (Line Drive, 5L, EV 73.1 MPH)
Top of the 9th over - 0 runs, 0 hits, 0 errors, 0 left on base; Inland Empire 2 - Bakersfield 3
Saturday, May 11th , 2024 - OOTP Baseball 24.11 Build 85